AoeStats
← Clubmate

Pilgrims

508054230Analyzed
2v2 RM · 12d ago on Sep 20, 2026· 44m 33s· 4 players
Game mode
Random Map
Map size
Medium (4 player)
Population
200
Speed
Normal
Resources
Standard
Victory
Conquest
Starting age
Dark Age
Ending age
Imperial Age
RankedLock teamsTeams togetherTeam positionsShared explorationLock speedFull tech treeHidden civsTurbo modeCheats
Victory
Defeat
🇦🇷 Berbers · Argentina
1021
+16
🇦🇷 Celts · Argentina
997
+17
🇸🇪 Bulgarians · Sweden
1050
-18
🇸🇪 Aztecs · Sweden
981
-15
APPS SantiMedia
4:57 Loom
12:30 Feudal Age
14:13 Double-Bit Axe
16:38 Man-at-Arms
18:28 Fishing Lines
19:31 Padded Archer Armor
20:31 Wheelbarrow
20:04 Gold Mining
20:35 Fletching
21:29 Town Watch
24:29 Castle Age
23:11 Padded Archer Armor
23:53 Bloodlines
25:11 Forging
25:11 Scale Barding Armor
24:57 Horse Collar
25:31 Husbandry
26:03 Light Cavalry
27:26 Iron Casting
29:07 Chain Barding Armor
29:23 Gillnets
33:04 Long Swordsman
34:49 Thumb Ring
35:26 Bow Saw
38:40 Hand Cart
40:50 Medium Warships
41:42 Bodkin Arrow
42:09 Leather Archer Armor
43:36 Ballistics
42:56 Treadmill Crane
43:27 Masonry
43:52 Scale Mail Armor
47:09 Imperial Age
44:45 Stone Mining
APPS Gamblear
15:06 Feudal Age
13:25 Loom
20:41 Double-Bit Axe
23:42 Wheelbarrow
25:38 Gold Mining
25:50 Fletching
26:00 Padded Archer Armor
26:11 Forging
26:07 Scale Barding Armor
27:29 Horse Collar
27:37 Town Watch
30:16 Scale Mail Armor
32:56 Castle Age
37:41 Imperial Age
35:31 Hand Cart
35:16 Town Patrol
41:35 Bow Saw
41:43 Elite Woad Raider
43:04 Gold Shaft Mining
42:20 Stone Mining
42:54 Conscription
44:06 Furor Celtica
43:47 Stronghold
Clubmate
3:24 Loom
12:34 Feudal Age
13:07 Town Watch
13:43 Double-Bit Axe
16:14 Fletching
16:42 Horse Collar
22:04 Town Watch
22:20 Gold Mining
25:07 Castle Age
23:21 Arson
25:47 Scale Mail Armor
25:58 Forging
25:53 Squires
27:49 Iron Casting
28:32 Chain Mail Armor
29:13 Pikeman
32:25 Bodkin Arrow
40:35 Wheelbarrow
sommarG
6:42 Loom
11:56 Feudal Age
13:12 Horse Collar
14:16 Double-Bit Axe
14:31 Gold Mining
15:51 Forging
16:10 Scale Mail Armor
19:58 Wheelbarrow
24:11 Castle Age
24:21 Eagle Warrior
25:02 Squires
25:50 Gambesons
25:51 Arson
27:52 Iron Casting
30:19 Hand Cart
29:50 Town Watch
31:06 Bow Saw
Connection lost

Rejoining the realm…

Still unreachable

The connection could not be restored.

Session expired

The server has moved on; the page needs a fresh start.